 Dungeon Sprint DCSS version 0.31-a0-931-g7b59d4eb97 (webtiles) character file.

Game seed: 7089290081729036976

12058 sircluck the Brawler (level 11, -2/117 HPs)
             Began as a Troll Berserker on Oct 19, 2023.
             Was the Champion of Trog.
             Slain by Joseph
             ... wielding a +0 quarterstaff
              (16 damage)
             ... in the Dungeon (Sprint VII: "The Pits").
             The game lasted 00:04:15 (1123 turns).

sircluck the Brawler (Troll Berserker)              Turns: 1123, Time: 00:04:16

Health: -2/117     AC:  9    Str: 31    XL:     11   Next: 57%
Magic:  10/10      EV: 13    Int:  9    God:    Trog [******]
Gold:   15         SH:  0    Dex:  9    Spells: 10/10 levels left

rFire   . .          .
                       - Unarmed
rCold   . . .        (no shield)
rNeg    . . .        o - +0 acid dragon scales
rPois   .            (helmet restricted)
rElec   .            (no cloak)
rCorr   +            (gloves unavailable)
SInv    .            (boots unavailable)
Will    .....        (no amulet)
Stlth   +            n - +3 ring of intelligence
HPRegen 1.19/turn    l - +3 ring of intelligence
MPRegen 0.12/turn

%: no teleportation, clarity
@: no status effects
A: large, unfitting armour, claws 3, regeneration 1, shaggy fur 1, tough skin 1,
horns 1, clarity, frail 1, MP-powered wands
a: Renounce Religion, Berserk, Trog's Hand, Brothers in Arms


You were in the Dungeon.
You worshipped Trog.
Trog was exalted by your worship.
You visited 1 branch You collected 15 gold pieces.

Inventory:

Armour
 a - a +0 animal skin
 o - +0 acid dragon scales (worn)
Jewellery
 l - a +3 ring of intelligence (right claw)
 n - a +3 ring of intelligence (left claw)
 q - a ring of fire
 r - a ring of fire
 y - a ring of fire
Wands
 k - a wand of flame (33)
 x - a wand of iceblast (4)
Scrolls
 g - 3 scrolls of blinking
 i - 3 scrolls of vulnerability
 j - a scroll of butterflies
 s - 2 scrolls of identify
 t - 2 scrolls of fog
 u - a scroll of fear
 v - 2 scrolls of enchant weapon
Potions
 b - 8 potions of curing
 c - 9 potions of heal wounds
 d - 6 potions of haste
 e - 4 potions of magic
 f - 4 potions of berserk rage
 h - 2 potions of invisibility
 m - 4 potions of might
 w - a potion of enlightenment


   Skills:
 + Level 14.4 Fighting
 + Level 5.2 Armour
 + Level 14.2 Dodging
 + Level 16.7 Unarmed Combat


You had 10 spell levels left.
You didn't know any spells.
Your spell library was empty.

Dungeon Overview and Level Annotations

Branches:
Dungeon (1/1)

Altars:
Ashenzari
Cheibriados
Dithmenos
Elyvilon
Fedhas
Gozag
Hepliaklqana
Kikubaaqudgha
Makhleb
Nemelex Xobeh
Okawaru
Qazlal
Ru
Sif Muna
Trog
Uskayaw
Vehumet
Wu Jian
Xom
Yredelemnul
Zin
The Shining One
Jiyva
Lugonu

Annotations:
D Joseph


Innate Abilities, Weirdness & Mutations

You are too large for most types of armour.
You have claws for hands.
Your natural rate of healing is unusually fast.
You are covered in fur. (AC +1)
You have tough skin. (AC +1)
You have a pair of small horns on your head.
You possess an exceptional clarity of mind.
You are frail. (-10% HP)
You expend magic power (3 MP) to strengthen your wands.


Message History

The redback bites you.
Your Armour skill increases to level 5!
Unknown command.
Unknown command.
You completely miss the redback. The redback closely misses you.
You barely miss the redback. Your headbutt misses the redback.
The redback bites you!
You eviscerate the redback!!!
You kill the redback!
Trog accepts your kill.
Joseph unwields a +0 quarterstaff.
Joseph wields a +1 sling of electrocution.
You hear the crackle of electricity.
Joseph shoots a sling bullet.
The sling bullet hits you but does no damage.
The mummy barely misses you.
You eviscerate the mummy!!!
You destroy the mummy!
Trog accepts your kill.
You scratch the gnoll. You claw the gnoll!
You kill the gnoll!
Trog accepts your kill.
Joseph shoots a sling bullet.
The sling bullet hits you!
* * * LOW HITPOINT WARNING * * *
You are electrocuted!
* * * LOW HITPOINT WARNING * * *
Joseph smiles happily.
Joseph unwields a +1 sling of electrocution.
It stops crackling.
Joseph wields a +0 quarterstaff.
Joseph hits you with a +0 quarterstaff!
* * * LOW HITPOINT WARNING * * *
Things that are here:
a +0 club; a gnoll corpse; a redback corpse Unknown command.
You claw Joseph! Your headbutt misses Joseph.
Joseph is lightly wounded.
You barely miss Joseph.
Joseph is lightly wounded.
Joseph hits you with a +0 quarterstaff!
You die...

...##..#..#####)## .##'##.#.#.#.
...##..#....##...# ..#...#.......
...##.)).....#...#...#.).#†......
#####)))...).'...'.[.+)..[†......
#####..'.....#...#...#...#.......
.[[##..#....##...#...#...#.......
.[[##..#..#####.## ..##†##.#.#.#.
.))##..####...#'######...##......
.))##..# ......@@).....#..##.#.#.
!))##..# .......).....###..##....
######## ############## #########


You could see Joseph.

Vanquished Creatures
  A demonic crawler (D)
  Urug (D)
  A deep troll (D)
  A flayed ghost (D)
  An unseen horror (D)
  3 kobold demonologists (D)
  A freezing wraith (D)
  A tarantella (D)
  5 blink frogs (D)
  A flying skull (D)
  A basilisk (D)
  3 redbacks (D)
  A warg (D)
  An acid dragon (D)
  2 water moccasins (D)
  2 floating eyes (D)
  A centaur (D)
  A wolf (D)
  A necrophage (D)
  A scorpion (D)
  An orc priest (D)
  Ijyb (D)
  An orc wizard (D)
  2 mummies (D)
  An adder (D)
  A gnoll (D)
  A river rat (D)
  An adder skeleton (D)
  A worm (D)
  An adder simulacrum (D)
  3 orcs (D)
  3 jackals (D)
  A kobold (D)
  A quokka (D)
  A frilled lizard (D)
  A giant cockroach zombie (D)
51 creatures vanquished.

Vanquished Creatures (collateral kills)
  An eidolon (D)
  A vampire mage (D)
  A lindwurm (D)
  2 molten gargoyles (D)
  A gargoyle (D)
  A rime drake (D)
  A cane toad (D)
  An ice devil (D)
  A troll (D)
  A hornet (D)
  4 dream sheep (D)
  3 spriggans (D)
  A small abomination (D)
  2 floating eyes (D)
  5 wolves (D)
  A kobold brigand (D)
  A necrophage (D)
  Blork the orc (D)
  A crimson imp (D)
  A jelly (D)
  An iguana (D)
  A river rat (D)
  2 kobolds (D)
35 creatures vanquished.

Grand Total: 86 creatures vanquished

Notes
Turn   | Place    | Note
-------+----------+-------------------------------------------
     0 | D        | sircluck the Troll Berserker began the quest for the Orb.
     0 | D        | Reached XP level 1. HP: 22/22 MP: 0/0
    14 | D        | Reached XP level 2. HP: 31/31 MP: 1/1
    18 | D        | Found a bloodstained altar of Trog.
    18 | D        | Found a shimmering blue altar of Sif Muna.
    18 | D        | Found a viscous altar of Jiyva.
    18 | D        | Found a hazy altar of Hepliaklqana.
    18 | D        | Found an opulent altar of Gozag.
    19 | D        | Found a glowing golden altar of the Shining One.
    19 | D        | Found a glowing silver altar of Zin.
    19 | D        | Found a basalt altar of Yredelemnul.
    19 | D        | Found a shimmering altar of Xom.
    19 | D        | Found an ornate altar of the Wu Jian Council.
    19 | D        | Found a sacrificial altar of Ru.
    19 | D        | Found a stormy altar of Qazlal.
    19 | D        | Found an iron altar of Okawaru.
    19 | D        | Found a sparkling altar of Nemelex Xobeh.
    19 | D        | Found a burning altar of Makhleb.
    19 | D        | Found a blossoming altar of Fedhas.
    19 | D        | Found a white marble altar of Elyvilon.
    19 | D        | Found a shadowy altar of Dithmenos.
    19 | D        | Found a snail-covered altar of Cheibriados.
    21 | D        | Found a radiant altar of Vehumet.
    21 | D        | Found a corrupted altar of Lugonu.
    22 | D        | Found a hide-covered altar of Uskayaw.
    22 | D        | Found an ancient bone altar of Kikubaaqudgha.
    22 | D        | Found a broken altar of Ashenzari.
    66 | D        | Reached ** piety under Trog
    70 | D        | Noticed a floating eye
    71 | D        | Killed a floating eye
    72 | D        | Reached skill level 5 in Fighting
    72 | D        | Reached skill level 5 in Dodging
    72 | D        | Reached skill level 6 in Unarmed Combat
    72 | D        | Reached XP level 3. HP: 42/42 MP: 2/2
    72 | D        | Reached XP level 4. HP: 50/50 MP: 3/3
    76 | D        | Noticed a scorpion
    77 | D        | Noticed a floating eye
    81 | D        | Paralysed by a floating eye for 4 turns
    88 | D        | Killed a scorpion
    89 | D        | Reached XP level 5. HP: 12/59 MP: 4/4
    92 | D        | Paralysed by a floating eye for 4 turns
    99 | D        | Killed a floating eye
    99 | D        | Reached *** piety under Trog
   100 | D        | Reached skill level 7 in Unarmed Combat
   100 | D        | Reached XP level 6. HP: 14/68 MP: 5/5
   105 | D        | Reached **** piety under Trog
   195 | D        | Noticed Ijyb
   195 | D        | Noticed a water moccasin
   222 | D        | Killed Ijyb
   223 | D        | Reached skill level 8 in Unarmed Combat
   236 | D        | Reached ***** piety under Trog
   259 | D        | Killed a water moccasin
   260 | D        | Reached skill level 9 in Unarmed Combat
   262 | D        | Reached XP level 7. HP: 18/79 MP: 6/6
   522 | D        | Noticed a molten gargoyle
   523 | D        | Paralysed by a floating eye for 2 turns
   524 | D        | Killed a molten gargoyle
   525 | D        | Reached skill level 10 in Unarmed Combat
   525 | D        | Received a gift from Trog
   547 | D        | Killed an unseen horror
   548 | D        | Reached skill level 11 in Unarmed Combat
   548 | D        | Reached XP level 8. HP: 28/92 MP: 7/7
   555 | D        | Found the +7 lajatang of Order {silver, rMut}
   705 | D        | Noticed a blink frog
   705 | D        | Noticed a blink frog
   705 | D        | Noticed a blink frog
   705 | D        | Noticed a blink frog
   705 | D        | Noticed a blink frog
   705 | D        | Noticed a flying skull
   705 | D        | Noticed a kobold demonologist
   705 | D        | Noticed a kobold demonologist
   705 | D        | Noticed a kobold demonologist
   709 | D        | Noticed a sixfirhy
   711 | D        | Killed a blink frog
   712 | D        | Reached skill level 10 in Fighting
   712 | D        | Reached skill level 10 in Dodging
   715 | D        | Killed a blink frog
   716 | D        | Reached skill level 12 in Unarmed Combat
   716 | D        | Reached XP level 9. HP: 102/102 MP: 8/8
   717 | D        | Killed a kobold demonologist
   722 | D        | Noticed a sixfirhy
   724 | D        | Noticed a hellwing
   725 | D        | Killed a kobold demonologist
   725 | D        | Identified the +6 battleaxe "Ucvel" {antimagic, rC+} (Trog
                  | gifted it to you in the Dungeon)
   725 | D        | Received a gift from Trog
   726 | D        | Reached skill level 13 in Unarmed Combat
   728 | D        | Noticed a sixfirhy
   728 | D        | Killed a kobold demonologist
   800 | D        | Noticed an eidolon
   800 | D        | Noticed a spriggan rider
   812 | D        | Reached XP level 10. HP: 79/115 MP: 9/9
   814 | D        | Killed an eidolon
   815 | D        | Reached skill level 14 in Unarmed Combat
   831 | D        | Noticed a lindwurm
   833 | D        | Received a gift from Trog
   834 | D        | Noticed a gargoyle
   838 | D        | Killed a lindwurm
   839 | D        | Paralysed by a floating eye for 3 turns
   839 | D        | Killed a gargoyle
   840 | D        | Reached skill level 15 in Unarmed Combat
   870 | D        | Noticed a flayed ghost
   873 | D        | Killed a flayed ghost
   877 | D        | Received a gift from Trog
   944 | D        | Noticed a molten gargoyle
   944 | D        | Noticed a cane toad
   944 | D        | Noticed a vampire mage
   949 | D        | Noticed Blork the orc
   949 | D        | Killed a molten gargoyle
   950 | D        | Reached skill level 1 in Armour
   950 | D        | Reached XP level 11. HP: 127/127 MP: 10/10
   953 | D        | Received a gift from Trog
   959 | D        | Killed Blork the orc
   961 | D        | Reached skill level 16 in Unarmed Combat
   961 | D        | Killed a vampire mage
   965 | D        | Received a gift from Trog
   970 | D        | Noticed a deep troll
   975 | D        | Killed a deep troll
  1061 | D        | Gained mutation: You expend magic power (3 MP) to
                  | strengthen your wands. [potion of mutation]
  1061 | D        | Gained mutation: You are frail. (-10% HP) [potion of
                  | mutation]
  1061 | D        | Gained mutation: You possess an exceptional clarity of
                  | mind. [potion of mutation]
  1061 | D        | Gained mutation: You have a pair of small horns on your
                  | head. [potion of mutation]
  1079 | D        | Noticed a demonic crawler
  1083 | D        | Reached ****** piety under Trog
  1085 | D        | Killed a demonic crawler
  1100 | D        | Noticed Joseph
  1101 | D        | Noticed Urug
  1115 | D        | Killed Urug
  1115 | D        | Received a gift from Trog
  1116 | D        | Reached skill level 5 in Armour
  1123 | D        | Slain by Joseph

Illustrated notes

Levels and vault maps discovered:
D:        pitsprint [storerooms_1, entrance_room_1, metal_vault_1, armoury_2,
          mini_pit_1, grid_room_1, main_hall_1, silver_pit, the_coven_3,
          the_vestibule_1, steel_vault_3, golden_pit, hallway_of_sentries,
          crystal_vault_6, iron_vault_4, final_vault]

Skill      XL: |  1  2  3  4  5  6  7  8  9 10 11 |
---------------+----------------------------------+-----
Fighting       | 3 5 6 7 9 10 11 13 14 | 14.4
Dodging        | 3 5 6 7 9 10 11 13 14 | 14.2
Unarmed Combat | 6 7 9 11 12 13 15 16 | 16.7
Armour         | 1 5 |  5.2

Action                     |  1- 3 |  4- 6 |  7- 9 | 10-12 || total
---------------------------+-------+-------+-------+-------++-------
  Melee: Unarmed           |    10 |    49 |    49 |    32 ||   140
         Punch             |       |     2 |     5 |     3 ||    10
         Headbutt          |       |       |       |     5 ||     5
 Invoke: Berserk           |       |     1 |     2 |     1 ||     4
         Brothers in Arms  |       |       |     6 |     2 ||     8
    Use: Potion            |       |     2 |     1 |     1 ||     4
 Armour: Animal skin       |     1 |    81 |    49 |     2 ||   133
         Acid dragon scale |       |       |       |    23 ||    23
  Dodge: Dodged            |     7 |    33 |    24 |    12 ||    76

Table legend: (Time is in decaauts)
 A = Elapsed time spent in this place.
 B = Non-inter-level travel time spent in this place.
 C = Inter-level travel time spent in this place.
 D = Time resting spent in this place.
 E = Time spent auto-exploring this place.
 F = Levels seen in this place.
 G = Mean time per level.
                   A        B        C        D        E       F      G
               +--------+--------+--------+--------+--------+-----+--------+
         Total |   1131 |   1131 |      0 |    316 |    334 |   1 | 1131.0 |
       Dungeon |   1131 |   1131 |      0 |    316 |    334 |   1 | 1131.0 |
               +--------+--------+--------+--------+--------+-----+--------+

Top non-repeatable levels by time:
       D: 1131 daAuts
